 Dungeon Crawl Stone Soup version 0.19-a0-1933-g052ff51 (webtiles) character file.

534 Grim the Ruffian (level 7, 52/52 HPs)
             Began as a Demonspawn Berserker on Oct 25, 2016.
             Was a Priest of Trog.
             Quit the game on level 4 of the Dungeon.
             The game lasted 00:07:29 (3571 turns).

Grim the Ruffian (Demonspawn Berserker)             Turns: 3571, Time: 00:07:30

Health: 52/52      AC: 11    Str: 17    XL:     7   Next: 4%
Magic:  7/7        EV:  7    Int:  9    God:    Trog [***...]
Gold:   203        SH:  0    Dex: 14    Spells: 0 memorised, 6 levels left

rFire  x . .     SeeInvis .       - Unarmed
rCold  + . .     Gourm    +     f - +0 chain mail
rNeg   . . .     Faith    .     (no shield)
rPois  .         Spirit   .     (no helmet)
rElec  .         Reflect  .     t - +0 cloak
rCorr  .         Harm     .     (no gloves)
MR     +....                    (no boots)
Stlth  ..........               x - amulet of the gourmand
                                z - ring of ice
                                s - ring of protection from magic (curse)

@: no status effects
A: hooves 1, thin metallic scales 1, demonic guardian 1, mutation resistance 1
a: Berserk, Trog's Hand, Burn Spellbooks, Renounce Religion


You were on level 4 of the Dungeon.
You worshipped Trog.
Trog was most pleased with you.
You were not hungry.

You visited 1 branch of the dungeon, and saw 4 of its levels.

You collected 203 gold pieces.

Inventory:

Missiles
 k - 6 javelins (quivered)
 l - 8 tomahawks
Armour
 e - a +0 scale mail
 f - a +0 chain mail (worn)
 t - a +0 cloak (worn)
Jewellery
 s - a cursed ring of protection from magic (left hand)
 x - an amulet of the gourmand (around neck)
 z - a ring of ice (right hand)
Wands
 o - a wand of flame (23/48)
Scrolls
 d - a scroll of enchant armour
 g - a scroll of blinking {unknown}
 j - 2 scrolls of immolation
 p - a scroll of amnesia {unknown}
 r - a scroll of identify
 v - a scroll of teleportation {unknown}
 w - a scroll of fog {unknown}
 y - 3 scrolls of remove curse
 A - a scroll of magic mapping {unknown}
Potions
 a - a potion of flight {unknown}
 h - a potion of brilliance {unknown}
 n - a potion of magic {unknown}
 q - 2 potions of curing {unknown}
 u - a potion of lignification {unknown}
Comestibles
 b - 2 bread rations
 c - 4 meat rations
 m - 3 beef jerkies
 B - 4 fruits


   Skills:
 - Level 3.0 Fighting
 - Level 1.7 Armour
 - Level 1.7 Dodging
 + Level 7.4 Unarmed Combat


You had 6 spell levels left.
You didn't know any spells.

Dungeon Overview and Level Annotations

Branches:
Dungeon (4/15)             Temple (0/1) D:4

Altars:
Dithmenos
Okawaru


Innate Abilities, Weirdness & Mutations

You are partially covered in thin metallic scales. (AC +2)
A weak demonic guardian rushes to your aid.
You have large cloven feet.
You are somewhat resistant to further mutation.


Message History

You kill the hound!
Trog accepts your kill.
You have reached level 7!
You start resting.
Eating one of 4 chunks of flesh.
You start eating one of the 4 chunks of flesh.
Your shadow imp disappears in a puff of smoke!
Eating one of 3 chunks of flesh.
You start eating one of the 3 chunks of flesh.
This raw flesh is not very appetising.
That was not very filling.
You start resting.
Eating one of 2 chunks of flesh.
You start eating one of the 2 chunks of flesh.
This raw flesh is not very appetising.
That was not very filling.
You start resting.
Eating a chunk of flesh.
You start eating the chunk of flesh.
This raw flesh is not very appetising.
That was not very filling.
You start resting.
HP restored.
You start waiting.
Done waiting.
Are you sure you want to abandon this character and quit the game? (Confirm with "yes".)

.# ......... .# ..
....... ...# .#
........ ...# .# ....
... ...# .# .##.##.#
...#
.##.##.##.#######...#
....#...............#
....#...............#
....#...........@...#
....#...............#
....#..........)....#
##'###'#######.######
.............#?#
.............#..
.............#...
.............+....
........<....#


There were no monsters in sight!

Vanquished Creatures
  An ogre (D:4)
  The ghost of Zigma the Ruffian, an amateur DrTm of Okawaru (D:3)
  A hound (D:4)
  3 orc priests (D:3)
  Ijyb (D:3)
  An orc wizard (D:3)
  A worker ant (D:4)
  7 gnolls
  4 adders
  An ooze (D:3)
  2 worms (D:2)
  A leopard gecko (D:3)
  11 orcs
  2 ball pythons (D:2)
  7 bats
  3 giant cockroaches
  11 goblins
  3 hobgoblins
  5 jackals
  4 kobolds
  A quokka (D:2)
  4 frilled lizards
  A leopard gecko skeleton (D:4)
  7 rats
83 creatures vanquished.

Vanquished Creatures (collateral kills)
  2 gnolls (D:3)
2 creatures vanquished.

Grand Total: 85 creatures vanquished

Notes
Turn   | Place    | Note
-------+----------+-------------------------------------------
     0 | D:1      | Grim the Demonspawn Berserker began the quest for the Orb.
     0 | D:1      | Reached XP level 1. HP: 18/18 MP: 1/1
   194 | D:1      | Reached skill level 3 in Unarmed Combat
   295 | D:1      | Gained mutation: You are partially covered in thin metallic scales. (AC +2) [demonic ancestry]
   295 | D:1      | Reached XP level 2. HP: 24/24 MP: 2/2
   759 | D:2      | Gained mutation: A weak demonic guardian rushes to your aid. [demonic ancestry]
   759 | D:2      | Reached XP level 3. HP: 29/29 MP: 3/3
   765 | D:2      | Reached skill level 4 in Unarmed Combat
   890 | D:2      | Reached XP level 4. HP: 26/35 MP: 4/4
   911 | D:2      | Reached ** piety under Trog
  1582 | D:3      | Noticed Ijyb
  1598 | D:3      | Killed Ijyb
  1598 | D:3      | Reached skill level 5 in Unarmed Combat
  1883 | D:3      | Noticed Zigma's ghost (amateur DrTm)
  1896 | D:3      | Killed Zigma's ghost
  1896 | D:3      | Reached XP level 5. HP: 41/41 MP: 5/5
  1960 | D:3      | Reached skill level 6 in Unarmed Combat
  2172 | D:3      | Reached XP level 6. HP: 35/47 MP: 6/6
  2488 | D:3      | Reached *** piety under Trog
  2841 | D:4      | Found a shadowy altar of Dithmenos.
  2916 | D:4      | Found an iron altar of Okawaru.
  3065 | D:4      | Reached skill level 7 in Unarmed Combat
  3102 | D:4      | Found a staircase to the Ecumenical Temple.
  3222 | D:4      | Gained mutation: You are somewhat resistant to further mutation. [potion of mutation]
  3222 | D:4      | Gained mutation: You have large cloven feet. [potion of mutation]
  3251 | D:4      | Reached XP level 7. HP: 14/52 MP: 7/7
  3571 | D:4      | Quit the game

Vault maps used:
D:1:      scummos_arrival_gate, minmay_box_of_dots
D:3:      serial_park_tiny_pond, uniq_iyjb
D:4:      nicolae_overflow_hidden_temple, okawaru_altar_gauntlet_db,
          first_bread, nicolae_dithmenos_shadow_blocks

Skill      XL: |  1  2  3  4  5  6 |
---------------+-------------------+-----
Unarmed Combat | 3 4 5 6 7 |  7.4
Fighting       | |  3.0
Armour         | |  1.7
Dodging        | |  1.7

Action                   |  1- 3 |  4- 6 |  7- 9 || total
-------------------------+-------+-------+-------++-------
Melee: Unarmed           |    93 |   233 |       ||   326
       Punch             |       |     7 |       ||     7
       Kick              |       |     1 |       ||     1
Invok: Berserk           |     1 |     5 |       ||     6
  Use: Scroll            |     2 |     2 |       ||     4
       Potion            |       |     2 |       ||     2
  Eat: Chunk             |     1 |    12 |     4 ||    17
Armor: Scale mail        |    17 |       |       ||    17
       Chain mail        |    56 |   172 |       ||   228
Dodge: Dodged            |    50 |    93 |       ||   143
